 Dungeon Crawl Stone Soup version 0.28.0-53-g5a82cb258f (webtiles) character file.

Game seed: 12136767175092330055

30 firemarshallily the Slasher (level 3, 0/42 HPs)
             Began as a Demonspawn Gladiator on May 20, 2022.
             Succumbed to an adder's poison
             ... on level 2 of the Dungeon.
             The game lasted 00:03:47 (1586 turns).

firemarshallily the Slasher (Demonspawn Gladiator)  Turns: 1586, Time: 00:03:47

Health: 0/42       AC:  4    Str: 16    XL:     3   Next: 5%
Magic:  3/3        EV: 12    Int:  9    God:
Gold:   0          SH:  0    Dex: 14    Spells: 2/2 levels left

rFire   . . .      SeeInvis .   a - +0 long sword
rCold   . . .      Faith    .   (no shield)
rNeg    . . .      Spirit   .   b - +0 leather armour
rPois   .          Reflect  .   c - +0 helmet
rElec   .          Harm     .   (no cloak)
rCorr   .          Rampage  .   (no gloves)
Will    .....                   (no boots)
Stlth   ..........              (no amulet)
HPRegen 0.14/turn               (no ring)
MPRegen 0.16/turn               (no ring)

@: mighty, berserking, lethally poisoned (0 -> -3), very quick
A: magic regeneration
a: no special abilities


You were on level 2 of the Dungeon.
You visited 1 branch of the dungeon, and saw 2 of its levels.

Inventory:

Hand Weapons
 a - a +0 long sword (weapon)
Missiles
 d - 4 throwing nets (quivered)
 g - 124 stones
 i - 6 silver javelins
Armour
 b - a +0 leather armour (worn)
 c - a +0 helmet (worn)
 h - a +0 ring mail
 k - a +0 scale mail
Scrolls
 f - a scroll of teleportation {unknown}
 m - a scroll of noise {unknown}
Potions
 e - a potion of might
 l - a potion of attraction {unknown}


   Skills:
 + Level 2.4 Fighting
 * Level 3.1 Long Blades
 - Level 2.0 Throwing
 + Level 0.3 Armour
 - Level 3.0 Dodging


You had 2 spell levels left.
You didn't know any spells.
Your spell library contained the following spells:

 Spells                   Type           Power      Damage    Failure   Level
 Tukima's Dance           Hex            0%         N/A       83%         3
 Anguish                  Hex/Necr       0%         N/A       99%         4
 Enfeeble                 Hex            0%         N/A       100%        7


Dungeon Overview and Level Annotations

Branches:
Dungeon (2/15)

Altars:


Innate Abilities, Weirdness & Mutations

You regenerate magic rapidly.


Message History

You completely miss the adder. The adder bites you.
You are poisoned.
The adder poisons you! The adder bites you.
You are more poisoned.
The adder poisons you!
You hit the adder.
The adder is moderately wounded.
You feel very sick. The adder barely misses you.
You hit the adder.
The adder is almost dead.
You feel sick. The adder bites you but does no damage.
The adder barely misses you.
You completely miss the adder. Your punch misses the adder.
The adder is almost dead.
You feel sick. The adder bites you.
* * * LOW HITPOINT WARNING * * *
You are lethally poisoned!
The adder poisons you! The adder misses you.
You closely miss the adder.
The adder is almost dead.
* * * LOW HITPOINT WARNING * * *
You feel sick. The adder bites you but does no damage.
It was a potion of might.
You feel very mighty all of a sudden.
* * * LOW HITPOINT WARNING * * *
You feel sick. The adder bites you but does no damage.
It was a potion of berserk rage.
A red film seems to cover your vision as you go berserk!
You feel yourself moving faster!
You feel mighty!
* * * LOW HITPOINT WARNING * * *
You feel sick. The adder bites you.
* * * LOW HITPOINT WARNING * * *
The adder bites you.
* * * LOW HITPOINT WARNING * * *
Unknown command.
You are too berserk!
You barely miss the adder.
The adder is almost dead.
You die...

..#.#.... ...# #.
.##.#....##### #..# ###.
#.##...... ..# #..# #...
.#.#.....###.###..# #.#.
#.#...............# #.#.
##......).##.###..###.#.
........................
........#.##.#.#.#######
##.....@#.##..#..#
#.#....S#.#......# #.
.#.#....#.#.##.#.# #. #.
#....#... ....# #.# .
#.#....#..##.#.# #.#
..#.#...... ..#.#####..
....##...... ...........
.... .#.#. #.##.#####..
#. #..


You could see an adder.

Vanquished Creatures
  A dart slug (D:1)
  4 bats
  An endoplasm (D:1)
  A giant cockroach (D:1)
  A hobgoblin (D:1)
  3 ball pythons (D:1)
  3 frilled lizards
  4 goblins
  8 kobolds
  4 rats
30 creatures vanquished.

Notes
Turn   | Place    | Note
-------+----------+-------------------------------------------
     0 | D:1      | firemarshallily the Demonspawn Gladiator began the quest
                  | for the Orb.
     0 | D:1      | Reached XP level 1. HP: 16/16 MP: 1/1
   470 | D:1      | Gained mutation: You regenerate magic rapidly. [demonic
                  | ancestry]
   470 | D:1      | Reached XP level 2. HP: 22/22 MP: 2/2
  1533 | D:2      | Reached XP level 3. HP: 28/28 MP: 3/3
  1585 | D:2      | HP: 2/42 [adder (2)]
  1586 | D:2      | Succumbed to an adder's poison

Illustrated notes

Levels and vault maps discovered:
D:1:      minmay_arrival_four_loops, layout_loops_ring
D:2:      layout_loops_corners, serial_shops, nicolae_shop_window_shopping,
          minmay_misc_feat_secret_circle

Skill      XL: |  1  2 |
---------------+-------+-----
Throwing       | 2 |  2.0
Long Blades    | 3 |  3.1
Dodging        | 3 |  3.0
Fighting       | |  2.4
Armour         | |  0.3

Action                   || total
-------------------------++-------
Melee: Long sword        ||    91
  Use: Potion            ||     2
 Stab: Sleeping          ||     2
Armor: Leather armour    ||    28
Dodge: Dodged            ||    59
